 Dungeon Sprint DCSS version 0.29.1-2-gbd0b4ee654 (webtiles) character file.

Game seed: 3783292236406351134

17190 Groucho the Imperceptible (level 12, -8/69 HPs)
             Began as a Felid Berserker on Nov 20, 2022.
             Was the Champion of Trog.
             Mangled by a purple draconian
             ... wielding a +0 scimitar
              (14 damage)
             ... in the Dungeon (Sprint IX: "|||||||||||||||||||||||||||||").
             The game lasted 00:11:37 (5787 turns).

Groucho the Imperceptible (Felid Berserker)         Turns: 5787, Time: 00:11:37

Health: -8/69      AC:  3    Str: 17    XL:     12   Next: 16%
Magic:  13/13      EV: 41    Int:  9    God:    Trog [******]
Gold:   1495       SH:  0    Dex: 16    Spells: 11/11 levels left
                                        Lives:  0   Deaths: 3

rFire   . . .      SeeInvis +     - Unarmed
rCold   + . .      Faith    .   (shield unavailable)
rNeg    . . .      Spirit   .   (body armour unavailable)
rPois   .          Reflect  .   (helmet unavailable)
rElec   .          Harm     .   (cloak unavailable)
rCorr   .          Rampage  .   (gloves unavailable)
Will    +++..      NoTele   +   (boots unavailable)
Stlth   +++++++++.              (no amulet)
HPRegen 1.00/turn               f - +4 ring of evasion
MPRegen 0.13/turn               e - +4 ring of evasion

@: strong-willed, regenerating, quick
A: very small, claws 1, fangs 3, see invisible, speed 1, shaggy fur 3, stealthy
paws, no weapons or thrown items, no armour, multi-lived, horns 1, screaming 1,
inhibited regeneration, MP-powered wands
a: Renounce Religion, Berserk, Trog's Hand, Brothers in Arms


You were in the Dungeon.
You worshipped Trog.
Trog was exalted by your worship.
You visited 1 branch You collected 1927 gold pieces.
You spent 432 gold pieces at shops.

Inventory:

Jewellery
 a - a ring of poison resistance
 b - a ring of fire
 c - a ring of protection from cold
 e - a +4 ring of evasion (right paw)
 f - a +4 ring of evasion (left paw)
Wands
 g - a wand of acid (10)
Scrolls
 k - 2 scrolls of identify
 l - 4 scrolls of fear
 n - a scroll of fog
Potions
 d - 4 potions of magic
 h - a potion of might
 i - a potion of resistance
 j - a potion of berserk rage
 m - 4 potions of haste


   Skills:
 + Level 17.7 Fighting
 + Level 22.4 Dodging
 + Level 23.8 Stealth
 * Level 20.9 Unarmed Combat


You had 11 spell levels left.
You didn't know any spells.
Your spell library was empty.

Dungeon Overview and Level Annotations

Branches:
Dungeon (1/1)

Altars:
Cheibriados
Dithmenos
Elyvilon
Fedhas
Gozag
Hepliaklqana
Kikubaaqudgha
Makhleb
Nemelex Xobeh
Okawaru
Qazlal
Ru
Sif Muna
Trog
Uskayaw
Vehumet
Wu Jian
Xom
Yredelemnul
Zin
The Shining One
Jiyva
Lugonu

Shops:
D [[=*


Innate Abilities, Weirdness & Mutations

You have sharp claws.
You have razor-sharp teeth.
You have supernaturally acute eyesight. (SInv)
You cover ground quickly. (Speed+)
Your thick and shaggy fur keeps you warm. (AC +3, rC+)
Your paws help you pounce on unaware monsters.
You are incapable of wielding weapons or throwing items.
You cannot wear armour.
You gain extra lives every three experience levels.
You have a pair of small horns on your head.
You occasionally shout uncontrollably at your foes.
You do not regenerate when monsters are visible.
You expend magic power (3 MP) to strengthen your wands.


Message History

The red draconian scorcher hits your deep troll with a +0 long sword!
Your deep troll bites the red draconian scorcher!!
Your deep troll claws the red draconian scorcher.
Your deep troll claws the red draconian scorcher!
Your deep troll bites the red draconian scorcher but does no damage.
Your deep troll claws the red draconian scorcher!!
Your deep troll barely misses the red draconian scorcher.
The red draconian scorcher points at you and mumbles some strange words.
The bolt of fire hits your deep troll!!!
Your deep troll dies!
Your deep troll's corpse disappears in a puff of smoke!
The bolt of fire misses you.
Unknown command.
The ironbound convoker points at something and mumbles some strange words.
Unknown command.
Unknown command.
Your troll goes berserk!
The red draconian scorcher casts a spell at you.
The bolt of fire hits you!! The bolt of fire hits your troll!!
Your skin crawls.
You feel strong-willed.
The red draconian scorcher breathes fire at you.
The searing blast hits you!!
* * * LOW HITPOINT WARNING * * *
The searing blast hits your troll!!
Unknown command.
Unknown command.
Okay, then.
Your troll is engulfed in blazing flames.
Your troll dies!
Your troll's corpse disappears in a puff of smoke!
The red draconian scorcher gestures at you while chanting.
The bolt of magma misses you.
You claw the red draconian scorcher!
You kill the red draconian scorcher!
Trog accepts your kill.
Trog appreciates your killing of a magic user.
The ironbound convoker begins to recite a word of recall!
The purple draconian hits you with a +0 scimitar!
You die...

▓▓▓▓▓▓▓▓▓▓▓▓▓▓▓▓▓▓▓▓▓▓
▓.....................
▓.▓▓▓▓▓▓▓▓▓▓▓▓▓▓▓▓▓▓▓▓
▓☼.).@dcpp).....c
▓▓▓▓▓▓▓▓▓▓▓▓▓▓▓▓▓▓▓▓▓▓
...... ▓▓▓▓▓▓ ▓▓ .†


You could see a purple draconian, a vault sentinel (strong), an ironbound
convoker (chanting recall) and a yaktaur (strong).

Vanquished Creatures
  Gastronok (D)
  A draconian scorcher (D)
  An ironbound preserver (D)
  An ironbound thunderhulk (D)
  2 stone giants (D)
  An ettin (D)
  Harold (D)
  Erolcha (D)
  3 hydras (D)
  2 centaur warriors (D)
  A boulder beetle (D)
  A tengu warrior (D)
  A two-headed ogre (D)
  Urug (D)
  A spriggan berserker (D)
  A flayed ghost (D)
  2 orc knights (D)
  A lindwurm (D)
  6 orc sorcerers (D)
  Joseph (D)
  A vault sentinel (D)
  4 komodo dragons (D)
  2 rime drakes (D)
  2 efreet (D)
  A tengu conjurer (D)
  A tyrant leech (D)
  A blink frog (D)
  A snapping turtle (shapeshifter) (D)
  2 dream sheep (D)
  2 yaks (D)
  A wyvern (D)
  A basilisk (D)
  3 water moccasins (D)
  An orc warrior (D)
  2 bullfrogs (D)
  A necrophage (D)
  A scorpion (D)
  A killer bee (D)
  A howler monkey (D)
  3 orc priests (D)
  7 orc wizards (D)
  An adder (D)
  A white imp (D)
  6 worms (D)
  8 orcs (D)
  A ball python (D)
  A bat (D)
  A jackal (D)
  2 frilled lizards (D)
  A rat (D)
91 creatures vanquished.

Vanquished Creatures (collateral kills)
  A sphinx (D)
  4 vault wardens (D)
  A dire elephant (D)
  2 great orbs of eyes (D)
  A boulder beetle (D)
  A centaur warrior (D)
  2 wizards (D)
  A necromancer (D)
  2 orc sorcerers (D)
  A lindwurm (D)
  An orc knight (D)
  A cyclops (D)
  A slime creature (D)
  A vampire mosquito (D)
  9 orc warriors (D)
29 creatures vanquished.

Vanquished Creatures (others)
  A basilisk (D)
  A vampire mosquito (D)
2 creatures vanquished.

Grand Total: 122 creatures vanquished

Notes
Turn   | Place    | Note
-------+----------+-------------------------------------------
     0 | D        | Groucho the Felid Berserker began the quest for the Orb.
     0 | D        | Reached XP level 1. HP: 10/10 MP: 2/2
     8 | D        | Reached skill level 1 in Stealth
    14 | D        | Reached ** piety under Trog
    18 | D        | Reached skill level 2 in Stealth
   440 | D        | Noticed a scorpion
   440 | D        | Noticed a necrophage
   447 | D        | Reached skill level 5 in Dodging
   447 | D        | Reached XP level 2. HP: 9/15 MP: 3/3
   450 | D        | Killed a necrophage
   450 | D        | Reached *** piety under Trog
   451 | D        | Reached skill level 5 in Stealth
   451 | D        | Reached skill level 5 in Unarmed Combat
   451 | D        | Reached XP level 3. HP: 12/19 MP: 4/4
   451 | D        | Reached XP level 4. HP: 14/22 MP: 5/5
   455 | D        | Reached skill level 5 in Fighting
   462 | D        | Killed a scorpion
   463 | D        | Reached skill level 7 in Stealth
   463 | D        | Reached XP level 5. HP: 18/27 MP: 6/6
   921 | D        | Found a snail-covered altar of Cheibriados.
   921 | D        | Found a shadowy altar of Dithmenos.
   921 | D        | Found a white marble altar of Elyvilon.
   921 | D        | Found a blossoming altar of Fedhas.
   921 | D        | Found an opulent altar of Gozag.
   922 | D        | Found a hazy altar of Hepliaklqana.
   923 | D        | Found a viscous altar of Jiyva.
   924 | D        | Found an ancient bone altar of Kikubaaqudgha.
   925 | D        | Found a corrupted altar of Lugonu.
   926 | D        | Found a burning altar of Makhleb.
   927 | D        | Found a sparkling altar of Nemelex Xobeh.
   928 | D        | Found an iron altar of Okawaru.
   929 | D        | Found a stormy altar of Qazlal.
   930 | D        | Found a sacrificial altar of Ru.
   931 | D        | Found a shimmering blue altar of Sif Muna.
   932 | D        | Found a bloodstained altar of Trog.
   933 | D        | Found a hide-covered altar of Uskayaw.
   934 | D        | Found a radiant altar of Vehumet.
   935 | D        | Found an ornate altar of the Wu Jian Council.
   936 | D        | Found a shimmering altar of Xom.
   937 | D        | Found a basalt altar of Yredelemnul.
   938 | D        | Found a glowing silver altar of Zin.
   939 | D        | Found a glowing golden altar of the Shining One.
   966 | D        | Noticed a yak
   966 | D        | Noticed a two-headed ogre
   966 | D        | Noticed a wyvern
   976 | D        | Killed a wyvern
   976 | D        | Reached **** piety under Trog
   977 | D        | Reached skill level 8 in Stealth
   977 | D        | Gained mutation: You are covered in thick fur. (AC +2)
                  | [Felid growth]
   977 | D        | Reached XP level 6. HP: 22/33 MP: 7/7
   989 | D        | Killed a two-headed ogre
   990 | D        | Reached skill level 12 in Stealth
   990 | D        | Reached XP level 7. HP: 35/38 MP: 8/8
   992 | D        | Killed a yak
   993 | D        | Reached XP level 8. HP: 40/42 MP: 9/9
   995 | D        | Reached ***** piety under Trog
  1001 | D        | Noticed a tengu warrior
  1001 | D        | Noticed a centaur warrior
  1001 | D        | Noticed a centaur warrior
  1001 | D        | Noticed a black mamba
  1001 | D        | Noticed a boulder beetle
  1004 | D        | Noticed a snapping turtle
  1004 | D        | a black mamba changed into a snapping turtle
  1012 | D        | Killed a boulder beetle
  1013 | D        | Reached skill level 10 in Fighting
  1013 | D        | Reached skill level 13 in Stealth
  1013 | D        | Reached skill level 10 in Unarmed Combat
  1013 | D        | Killed a snapping turtle
  1020 | D        | Killed a centaur warrior
  1021 | D        | Reached skill level 14 in Stealth
  1021 | D        | Reached XP level 9. HP: 30/47 MP: 10/10
  1028 | D        | Killed a centaur warrior
  1029 | D        | Reached skill level 15 in Stealth
  1032 | D        | Killed a tengu warrior
  1033 | D        | Reached skill level 15 in Dodging
  1257 | D        | Gained mutation: You are clumsy. (Dex -2) [potion of
                  | mutation]
  1257 | D        | Gained mutation: Your body sometimes deteriorates upon
                  | taking damage. [potion of mutation]
  1257 | D        | Gained mutation: You have hidden genetic defects. [potion
                  | of mutation]
  1258 | D        | Lost mutation: You are clumsy. (Dex -2) [potion of
                  | mutation]
  1258 | D        | Lost mutation: Your body sometimes deteriorates upon taking
                  | damage. [potion of mutation]
  1258 | D        | Gained mutation: You expend magic power (3 MP) to
                  | strengthen your wands. [potion of mutation]
  1258 | D        | Gained mutation: You have a pair of small horns on your
                  | head. [potion of mutation]
  1262 | D        | Noticed a rime drake
  1262 | D        | Noticed a komodo dragon
  1264 | D        | Killed a komodo dragon
  1265 | D        | Noticed a komodo dragon
  1269 | D        | Killed a rime drake
  1270 | D        | Reached skill level 16 in Stealth
  1272 | D        | Noticed a four-headed hydra
  1276 | D        | Reached XP level 10. HP: 53/53 MP: 11/11
  1285 | D        | Reached ****** piety under Trog
  1289 | D        | Gained mutation: You do not regenerate when monsters are
                  | visible. [hidden defects]
  1298 | D        | Killed a four-headed hydra
  1299 | D        | Reached skill level 17 in Stealth
  1300 | D        | Gained mutation: You occasionally shout uncontrollably at
                  | your foes. [hidden defects]
  1300 | D        | Lost mutation: You have hidden genetic defects. [hidden
                  | defects expressed]
  1316 | D        | Noticed an eight-headed hydra
  1340 | D        | HP: 1/55 [komodo dragon (24)]
  1916 | D        | Slain by an eight-headed hydra
  1917 | D        | Reached XP level 9. HP: -5/51 MP: 10/10
  1966 | D        | Noticed Urug
  1973 | D        | Killed Urug
  1974 | D        | Reached skill level 18 in Stealth
  1986 | D        | Noticed Harold
  1995 | D        | Killed Harold
  1996 | D        | Reached XP level 10. HP: 36/55 MP: 11/11
  2432 | D        | Found Ohakyfoh's Armour Shop.
  2432 | D        | Noticed an orc sorcerer
  2432 | D        | Noticed an orc sorcerer
  2434 | D        | Noticed a smoke demon
  2436 | D        | Noticed an orange demon
  2438 | D        | Noticed an orc sorcerer
  2439 | D        | Found Poisyra's Armour Boutique.
  2440 | D        | Noticed a rust devil
  2442 | D        | Killed an orc sorcerer
  2443 | D        | Noticed an orc sorcerer
  2449 | D        | Killed an orc sorcerer
  2450 | D        | Noticed an orc sorcerer
  2451 | D        | Found Amawk's Jewellery Shop.
  2456 | D        | Killed an orc sorcerer
  2807 | D        | Killed an orc sorcerer
  2808 | D        | Reached skill level 19 in Stealth
  2834 | D        | Noticed an orange demon
  2836 | D        | Killed an orc sorcerer
  2982 | D        | Found Areferul's General Store.
  2985 | D        | Noticed an orc sorcerer
  2986 | D        | Noticed an orc sorcerer
  2987 | D        | Noticed an orc sorcerer
  3014 | D        | Noticed a sun demon
  3016 | D        | Noticed a smoke demon
  3567 | D        | Noticed a sun demon
  3570 | D        | Killed an orc sorcerer
  3571 | D        | Reached skill level 15 in Unarmed Combat
  3571 | D        | Killed an orc sorcerer
  3623 | D        | Killed an orc sorcerer
  3663 | D        | Bought a +4 ring of evasion for 432 gold pieces
  4095 | D        | Noticed an orc knight
  4099 | D        | Reached XP level 11. HP: 60/60 MP: 12/12
  4101 | D        | Killed an orc knight
  4107 | D        | Noticed an orc knight
  4119 | D        | Killed an orc knight
  4122 | D        | Reached skill level 20 in Stealth
  4164 | D        | Noticed a stone giant
  4183 | D        | Killed a stone giant
  4184 | D        | Reached skill level 15 in Fighting
  4490 | D        | Noticed Gastronok
  4502 | D        | Killed Gastronok
  4507 | D        | Noticed Joseph
  4522 | D        | Killed Joseph
  4706 | D        | Noticed Erolcha
  4713 | D        | Killed Erolcha
  4760 | D        | Noticed a lindwurm
  4771 | D        | Killed a lindwurm
  4987 | D        | Killed an eight-headed hydra
  4988 | D        | Reached skill level 21 in Stealth
  5325 | D        | Noticed a five-headed hydra
  5346 | D        | Killed a five-headed hydra
  5348 | D        | Noticed an orc knight
  5352 | D        | Gained mutation: Your thick and shaggy fur keeps you warm.
                  | (AC +3, rC+) [Felid growth]
  5352 | D        | Reached XP level 12. HP: 66/66 MP: 13/13
  5436 | D        | Noticed a death yak
  5444 | D        | Noticed an ettin
  5453 | D        | Killed an ettin
  5457 | D        | Noticed a tengu warrior
  5466 | D        | Noticed a fire dragon
  5468 | D        | Noticed a cyan very ugly thing
  5474 | D        | Slain by a tengu warrior
  5475 | D        | Reached XP level 11. HP: 0/62 MP: 12/12
  5537 | D        | Noticed an ettin
  5537 | D        | Noticed a spriggan berserker
  5537 | D        | Noticed an ettin
  5537 | D        | Noticed a frost giant
  5537 | D        | Noticed a vampire mage
  5537 | D        | Noticed a stone giant
  5541 | D        | Noticed a fire giant
  5542 | D        | Noticed a death yak
  5545 | D        | Killed a stone giant
  5546 | D        | Mangled by a frost giant
  5547 | D        | Reached XP level 10. HP: -10/88 MP: 11/11
  5643 | D        | Noticed a necromancer
  5643 | D        | Noticed an ironbound thunderhulk
  5643 | D        | Noticed a vault warden
  5643 | D        | Noticed an ironbound preserver
  5643 | D        | Noticed a great orb of eyes
  5643 | D        | Noticed a sphinx
  5647 | D        | Killed a necromancer
  5648 | D        | Reached skill level 22 in Stealth
  5657 | D        | Noticed a vault warden
  5658 | D        | Killed an ironbound thunderhulk
  5658 | D        | Killed an ironbound preserver
  5666 | D        | Noticed a wizard
  5667 | D        | Killed a vault warden
  5668 | D        | Reached XP level 11. HP: 63/63 MP: 12/12
  5671 | D        | Killed a great orb of eyes
  5676 | D        | Killed a sphinx
  5680 | D        | Killed a vault warden
  5686 | D        | Killed a wizard
  5731 | D        | Noticed a wizard
  5736 | D        | Noticed a dire elephant
  5742 | D        | Noticed a lindwurm
  5743 | D        | Noticed a centaur warrior
  5745 | D        | Killed a wizard
  5746 | D        | Reached skill level 23 in Stealth
  5749 | D        | Killed a dire elephant
  5756 | D        | Noticed a vault warden
  5757 | D        | Killed a lindwurm
  5761 | D        | Killed a vault warden
  5762 | D        | Noticed a boulder beetle
  5764 | D        | Killed a centaur warrior
  5768 | D        | Killed a boulder beetle
  5769 | D        | Noticed a great orb of eyes
  5770 | D        | Noticed a vault warden
  5772 | D        | Noticed an ironbound convoker
  5773 | D        | Killed a great orb of eyes
  5774 | D        | Reached XP level 12. HP: 63/68 MP: 13/13
  5778 | D        | Killed a vault warden
  5779 | D        | Noticed a red draconian scorcher
  5779 | D        | Noticed a purple draconian
  5784 | D        | HP: 3/69 [red draconian scorcher/searing blast (31)]
  5786 | D        | Killed a red draconian scorcher
  5787 | D        | Mangled by a purple draconian

Illustrated notes

Levels and vault maps discovered:
D:        linesprint [early_d, line_temple, items_1, d_10, items_2, lair_1,
          lair_end, items_3, orc_1, orc_end, items_4, d_15, swamp_1, shoals_1,
          snake_1, spider_1, d_20, vaults_1, items_5, swamp_end, shoals_end,
          snake_end, spider_end, vaults_end, d_27, items_6, zot_1, zot_end,
          crypt_end, forest_end, elf_end, slime_end, tomb_end, abyss_end,
          pan_hell_end]

Skill      XL: |  1  2  3  4  5  6  7  8  9 10 11 12 |
---------------+-------------------------------------+-----
Stealth        | 2 5 7 8 12 14 18 22 23 | 23.8
Dodging        | 5 6 7 9 11 12 13 15 21 22 | 22.4
Fighting       | 4 5 7 9 10 12 14 17 16 | 17.7
Unarmed Combat | 5 7 9 10 12 19 20 18 | 20.9

Action                   |  1- 3 |  4- 6 |  7- 9 | 10-12 || total
-------------------------+-------+-------+-------+-------++-------
Melee: Unarmed           |    21 |    28 |    42 |   254 ||   345
       Bite              |     1 |       |     8 |    29 ||    38
       Punch             |       |     1 |     6 |    31 ||    38
       Headbutt          |       |       |     4 |    69 ||    73
Invok: Trog's Hand       |       |     1 |     1 |    17 ||    19
       Berserk           |       |       |     1 |     2 ||     3
       Brothers in Arms  |       |       |       |    11 ||    11
  Use: Potion            |     2 |     4 |     4 |     6 ||    16
       Scroll            |       |       |       |     2 ||     2
 Stab: Invisible         |       |     2 |    13 |       ||    15
       Sleeping          |       |       |     2 |     2 ||     4
       Distracted        |       |       |       |     1 ||     1
Armor: Skin              |       |     1 |     2 |     4 ||     7
Dodge: Dodged            |    16 |    22 |    31 |   217 ||   286
